 Dungeon Crawl Stone Soup version 0.22-a0-271-gc000056a37 (webtiles) character file.

99 drd the Charmwright (level 4, -18/38 HPs)
             Began as a Gnoll Skald on Mar 10, 2018.
             Killed from afar by a jackal (31 damage)
             ... with an exploding inner flame
             ... hexed by the player character
             ... on level 2 of the Dungeon.
             The game lasted 00:02:56 (1122 turns).

drd the Charmwright (Gnoll Skald)                   Turns: 1122, Time: 00:02:57

Health: -18/38     AC:  3    Str: 14    XL:     4   Next: 72%
Magic:  11/11      EV: 14    Int: 15    God:
Gold:   83         SH:  0    Dex: 15    Spells: 12/13 levels left

rFire    . . .     SeeInvis .   a - +0 falchion
rCold    . . .     Gourm    .   (no shield)
rNeg     . . .     Faith    .   b - +0 leather armour
rPois    .         Spirit   .   (no helmet)
rElec    .         Reflect  .   (no cloak)
rCorr    +         Harm     .   (no gloves)
MR       .....                  (no boots)
Stlth    ++........             (no amulet)
HPRegen  0.12/turn              e - ring of resist corrosion
MPRegen  0.12/turn              (no ring)

@: very slightly contaminated
A: distributed training, fangs 1, strong nose
a: no special abilities


You were on level 2 of the Dungeon.
You were hungry.

You visited 1 branch of the dungeon, and saw 2 of its levels.

You collected 83 gold pieces.

Inventory:

Hand Weapons
 a - a +0 falchion (weapon)
Armour
 b - a +0 leather armour (worn)
Jewellery
 e - a ring of resist corrosion (left hand)
Wands
 k - a wand of polymorph (10)
Scrolls
 c - 5 scrolls of identify
 g - 2 scrolls of remove curse
Comestibles
 d - 2 rations


   Skills:
 + Level 4.6 Fighting
 + Level 1.2 Short Blades
 + Level 4.6 Long Blades
 + Level 1.2 Axes
 + Level 1.2 Maces & Flails
 + Level 1.2 Polearms
 + Level 1.2 Staves
 + Level 1.2 Slings
 + Level 1.2 Bows
 + Level 1.2 Crossbows
 + Level 1.2 Throwing
 + Level 2.8 Armour
 + Level 4.6 Dodging
 + Level 1.2 Stealth
 + Level 1.2 Shields
 + Level 1.2 Unarmed Combat
 + Level 5.1 Spellcasting
 + Level 1.0 Conjurations
 + Level 1.0 Hexes
 + Level 5.5 Charms
 + Level 1.0 Summonings
 + Level 1.0 Necromancy
 + Level 1.0 Translocations
 + Level 1.0 Transmutations
 + Level 1.0 Fire Magic
 + Level 1.0 Ice Magic
 + Level 1.0 Air Magic
 + Level 1.0 Earth Magic
 + Level 1.0 Poison Magic
 + Level 1.3 Invocations
 + Level 1.2 Evocations


You had 12 spell levels left.
You knew the following spells:

 Your Spells              Type           Power        Failure   Level  Hunger
a - Infusion              Chrm           ###.         1%          1    None


Dungeon Overview and Level Annotations

Branches:
Dungeon (2/15)

Altars:


Innate Abilities, Weirdness & Mutations

Your experience applies equally to all skills.
You have very sharp teeth.
Your uncanny sense of smell can sniff out nearby items.


Message History

The jackal misses you.
You riposte.
You barely miss the jackal. You closely miss the jackal.
The jackal closely misses you. The jackal barely misses you.
The jackal bites you but does no damage.
The jackal closely misses you.
You hit the jackal.
The jackal is almost dead.
The jackal misses you. x2
The jackal bites you but does no damage. x2
You slash the jackal!
The jackal explodes!
The fiery explosion engulfs the orc.
The orc explodes!
The fiery explosion engulfs the leopard gecko.
The leopard gecko explodes!
The fiery explosion engulfs the jackal.
The jackal explodes!
The fiery explosion engulfs you!
Ouch! That really hurt!
You die...

..#####..........## #
,,****#........$..#
,,..............§.#
,,.............§§§#
,...h..........§§§#******
*........##+###§o§#,,,,,*
*........#*,*
#§§§#,,,,,*******
*........#*,*
#§§h#,,_,,+,,,,>*
*,.......**,*
#§@§#,,,,,*******
,,,,,,,,,,,,* #...#,,,,,*
*,,,,,,,,**** #####******
,,,,*,,,,,* ***,*,***,* *
*,*,* *,* * *,*,* *,* *
*,*,***,* * *,*,*,,,*


You could see an orc wizard and a jackal (inner flame).

Vanquished Creatures
  Natasha (twice) (D:2)
  An adder (D:2)
  An ooze (D:1)
  2 dart slugs (D:1)
  A leopard gecko (D:2)
  2 orcs (D:2)
  2 giant cockroaches (D:1)
  2 goblins
  5 hobgoblins
  4 bats (D:1)
  2 frilled lizards
  3 kobolds
  4 rats (D:1)
31 creatures vanquished.

Notes
Turn   | Place    | Note
-------+----------+-------------------------------------------
     0 | D:1      | drd the Gnoll Skald began the quest for the Orb.
     0 | D:1      | Reached XP level 1. HP: 20/20 MP: 6/6
   184 | D:1      | Reached XP level 2. HP: 20/26 MP: 7/7
   546 | D:1      | Reached XP level 3. HP: 25/31 MP: 9/9
   613 | D:1      | Reached skill level 5 in Spellcasting
   769 | D:2      | Noticed Natasha
   777 | D:2      | Killed Natasha
   777 | D:2      | Reached skill level 1 in Short Blades
   777 | D:2      | Reached skill level 1 in Axes
   777 | D:2      | Reached skill level 1 in Maces & Flails
   777 | D:2      | Reached skill level 1 in Polearms
   777 | D:2      | Reached skill level 1 in Staves
   777 | D:2      | Reached skill level 1 in Slings
   777 | D:2      | Reached skill level 1 in Bows
   777 | D:2      | Reached skill level 1 in Crossbows
   777 | D:2      | Reached skill level 1 in Throwing
   777 | D:2      | Reached skill level 1 in Stealth
   777 | D:2      | Reached skill level 1 in Shields
   777 | D:2      | Reached skill level 1 in Unarmed Combat
   777 | D:2      | Reached skill level 1 in Invocations
   777 | D:2      | Reached skill level 1 in Evocations
   777 | D:2      | Reached XP level 4. HP: 38/38 MP: 11/11
   983 | D:2      | Noticed Natasha
   992 | D:2      | Killed Natasha
   992 | D:2      | Reached skill level 1 in Conjurations
   992 | D:2      | Reached skill level 1 in Hexes
   992 | D:2      | Reached skill level 1 in Summonings
   992 | D:2      | Reached skill level 1 in Necromancy
   992 | D:2      | Reached skill level 1 in Translocations
   992 | D:2      | Reached skill level 1 in Transmutations
   992 | D:2      | Reached skill level 1 in Fire Magic
   992 | D:2      | Reached skill level 1 in Ice Magic
   992 | D:2      | Reached skill level 1 in Air Magic
   992 | D:2      | Reached skill level 1 in Earth Magic
   992 | D:2      | Reached skill level 1 in Poison Magic
  1122 | D:2      | Killed from afar by a jackal

Vault maps used:
D:1:      shiori_arrival_maze
D:2:      lemuel_upstairs_altar, uniq_natasha

Skill      XL: |  1  2  3  4 |
---------------+-------------+-----
Spellcasting   | 5 |  5.1
Short Blades   | 1 |  1.2
Axes           | 1 |  1.2
Maces & Flails | 1 |  1.2
Polearms       | 1 |  1.2
Staves         | 1 |  1.2
Slings         | 1 |  1.2
Bows           | 1 |  1.2
Crossbows      | 1 |  1.2
Throwing       | 1 |  1.2
Stealth        | 1 |  1.2
Shields        | 1 |  1.2
Unarmed Combat | 1 |  1.2
Invocations    | 1 |  1.3
Evocations     | 1 |  1.2
Conjurations   | 1 |  1.0
Hexes          | 1 |  1.0
Summonings     | 1 |  1.0
Necromancy     | 1 |  1.0
Translocations | 1 |  1.0
Transmutations | 1 |  1.0
Fire Magic     | 1 |  1.0
Ice Magic      | 1 |  1.0
Air Magic      | 1 |  1.0
Earth Magic    | 1 |  1.0
Poison Magic   | 1 |  1.0
Fighting       | |  4.6
Long Blades    | |  4.6
Armour         | |  2.8
Dodging        | |  4.6
Charms         | |  5.5

Action                   |  1- 3 |  4- 6 || total
-------------------------+-------+-------++-------
Melee: Falchion          |    64 |    35 ||    99
       Bite              |     5 |     7 ||    12
       Punch             |       |     1 ||     1
  Use: Scroll            |       |     7 ||     7
       Potion            |       |     1 ||     1
 Stab: Sleeping          |     3 |       ||     3
Armor: Leather armour    |    14 |    16 ||    30
Dodge: Dodged            |    35 |    58 ||    93
       Rpst.: Falchion   |    13 |    14 ||    27

Table legend:
 A = Spawn XP
 B = Non-spawn XP
 C = Spawn XP percentage of total XP
 D = Spawn monster count
 E = Non-spawn monster count
 F = Spawn count percentage of total count
 G = Total turns spent on level
                    A         B        C        D         E        F      G
               +---------+---------+-------+---------+---------+-------+---------
         Total |       0 |     142 |   0.0 |       0 |      31 |   0.0 |  1122
               +---------+---------+-------+---------+---------+-------+---------
           D:1 |       0 |      40 |   0.0 |       0 |      20 |   0.0 |   675
           D:2 |       0 |     102 |   0.0 |       0 |      11 |   0.0 |   447
               +---------+---------+-------+---------+---------+-------+---------
